 Dungeon Crawl Stone Soup version 0.19.1 (webtiles) character file.

62987 theElss the Peltast (level 15, -20/97 HPs)
             Began as a Gargoyle Berserker on Dec 5, 2016.
             Was a High Priest of Trog.
             Demolished by an orc warrior
             ... wielding a +0 glaive
             ... led by an orc warlord
              (27 damage)
             ... on level 1 of the Orcish Mines.
             The game lasted 01:28:03 (23740 turns).

theElss the Peltast (Gargoyle Berserker)           Turns: 23740, Time: 01:28:04

Health: -20/97     AC: 32    Str: 30    XL:     15   Next: 8%
Magic:  15/15      EV:  8    Int:  4    God:    Trog [*****.]
Gold:   2383       SH: 19    Dex: 12    Spells: 0 memorised, 14 levels left

rFire  + . .     SeeInvis .     t - +2 flail (crush)
rCold  . . .     Gourm    .     x - +4 plate armour
rNeg   + . .     Faith    .     i - +0 shield
rPois  ∞         Spirit   .     (no helmet)
rElec  +         Reflect  +     p - +0 cloak
rCorr  +         Harm     .     a - +2 pair of gloves "Ynole" {rElec rCorr Str+2 Int-3}
MR     +++..                    P - +0 pair of boots
Stlth  ..........               f - +3 amulet of reflection
                                R - +3 ring of dexterity
                                q - ring of protection from fire

@: about to teleport, flying, regenerating
A: big wings, negative energy resistance 1, electricity resistance, unbreathing,
petrification resistance, rot immunity, AC +11
a: Stop Flying, Berserk, Trog's Hand, Brothers in Arms, Burn Spellbooks,
Renounce Religion


You were on level 1 of the Orcish Mines.
You worshipped Trog.
Trog was extremely pleased with you.
You were hungry.

You visited 3 branches of the dungeon, and saw 18 of its levels.
You also visited: Labyrinth and Ice Cave.

You collected 2432 gold pieces.
You spent 49 gold pieces at shops.

Inventory:

Hand Weapons
 t - a +2 flail of crushing (weapon)
Armour
 a - the +2 pair of gloves "Ynole" (worn) {rElec rCorr Str+2 Int-3}
   (You found it on level 4 of the Lair of Beasts)

   It affects your strength (+2).
   It affects your intelligence (-3).
   It insulates you from electricity.
   It protects you from acid and corrosion.
 i - a +0 shield (worn)
 p - a +0 cloak (worn)
 x - a +4 plate armour (worn)
 P - a +0 pair of boots (worn)
Jewellery
 f - a +3 amulet of reflection (around neck)
 o - an uncursed ring of protection from cold {unknown}
 q - a ring of protection from fire (left hand)
 B - an uncursed ring of see invisible
 I - an uncursed ring of protection from magic
 R - a +3 ring of dexterity (right hand)
Wands
 l - a wand of iceblast (6/15)
 n - a wand of confusion (31/48)
 H - a wand of flame (19/48)
 Z - a wand of flame (22/48)
Scrolls
 c - a scroll of summoning
 d - a scroll of acquirement
 g - 5 scrolls of remove curse
 h - 4 scrolls of magic mapping
 j - 2 scrolls of fog
 u - 2 scrolls of blinking
 w - 5 scrolls of teleportation
 W - a scroll of fear
Potions
 b - 4 potions of heal wounds
 e - 2 potions of lignification
 L - a potion of haste
 N - 10 potions of curing
 U - a potion of degeneration {unknown}
 X - a potion of cancellation
 Y - a potion of berserk rage {unknown}
Comestibles
 k - 9 meat rations
 m - a slice of pizza
 r - 6 chunks of flesh


   Skills:
 + Level 12.3 Fighting
 + Level 15.3 Maces & Flails
 * Level 4.1 Armour
 - Level 1.7 Dodging
 - Level 18.0 Shields


You had 14 spell levels left.
You didn't know any spells.

Dungeon Overview and Level Annotations

Branches:
Dungeon (11/15)            Temple (0/1) D:7            Lair (6/6) D:11
  Swamp (0/4) Lair:2       Spider (0/4) Lair:3        Slime (0/5) Lair:6
    Orc (1/2) D:11

Altars:
Ashenzari
Cheibriados
Gozag
Makhleb
Okawaru
Sif Muna
Trog
Vehumet
Xom
The Shining One
Beogh

Shops:
D:4 =   D:5 (   D:7 :   D:9 (   D:11 ?


Innate Abilities, Weirdness & Mutations

You are resistant to torment.
Your stone body is resilient. (AC +11)
You are immune to poison.
Your large and strong wings let you fly indefinitely.
You resist negative energy. (rN+)
You are resistant to electric shocks. (rElec)
You can survive without breathing.
You are immune to petrification.
You are immune to rotting.


Message History

The orc warrior hits you but does no damage.
As you read the scroll of teleportation, it crumbles to dust.
You feel strangely unstable. You block the orc warrior's attack. x2
The orc warrior hits you with a dire flail.
* * * LOW HITPOINT WARNING * * *
The orc warrior hits you from afar with a glaive.
* * * LOW HITPOINT WARNING * * *
Unknown command.
Your skin crawls.
You feel resistant to hostile enchantments.
You feel somewhat more hungry.
The orc warrior no longer looks unusually strong.
The orc priest looks encouraged for a moment.
The orc warrior hits you with a battleaxe.
* * * LOW HITPOINT WARNING * * *
You block the orc warrior's attack.
The orc warrior hits you with a dire flail!
* * * LOW HITPOINT WARNING * * *
The orc warrior hits you from afar with a glaive!!
You die...

........##.......................
.................................
...............o........>........
#............T...................
..............o.o................
#.........)...#.o.........#......
....#......#.o##.#o...#.....#....
..##......#..ooo#o..............#
...##....##..oOo@#...)...#.....##
....#.....##.##o##............##
##.###...##########........#.###
### ##.## ##.#.......#....## ###
#.......[.#.#....#
##......<)...##..# ##.#.##).#.##
... #### #.....# #.# #....## ##


You could see an orc warlord, 5 orc warriors, an ogre, an orc priest, an orc
wizard and an orc.

Vanquished Creatures
  3 dire elephants
  The ghost of Philosophy the Fighter, a journeyman FoFi of Okawaru (Lair:2)
  Snorg (Lair:5)
  A minotaur (Lab)
  2 hydras
  2 ice dragons (IceCv)
  A merfolk avatar (Lair:6)
  2 centaur warriors
  2 death yaks (Lair:2)
  Urug (Lair:5)
  An unseen horror (D:10)
  The ghost of herself the Tainter, a novice OpVM of Sif Muna (D:9)
  A hill giant (D:10)
  A necromancer (Lair:4)
  The ghost of dscm the Digger, a novice OpEE (D:6)
  2 wolf spiders (Lair:3)
  An orc sorcerer (D:11)
  An ugly thing (D:10)
  A manticore (Lair:6)
  20 elephants
  Joseph (D:9)
  A torpor snail (Lair:2)
  Maurice (D:9)
  2 black mambas
  5 spiny frogs
  2 ice statues (IceCv)
  10 rime drakes
  7 komodo dragons
  2 trolls
  2 polar bears
  A slime creature (Lair:6)
  3 hornets (Lair:6)
  A two-headed ogre (D:11)
  Prince Ribbit (D:8)
  6 hippogriffs
  21 blink frogs
  13 dream sheep
  3 redbacks
  33 yaks
  Sigmund (D:2)
  6 wyverns
  A wraith (D:8)
  2 spriggans
  4 basilisks
  3 fire bats (Lair:5)
  3 vampire mosquitoes (Lair:2)
  Grum (D:8)
  A warg (Orc:1)
  A soldier ant (D:11)
  7 water moccasins
  5 porcupines
  13 ice beasts
  11 orc warriors
  An elephant zombie (Lair:4)
  3 sky beasts
  2 necrophages
  4 ogres
  3 phantoms
  A hornet zombie (D:6)
  18 wolves
  12 centaurs
  11 crocodiles
  The ghost of dscm the Digger, an amateur OpEE (D:4)
  8 bullfrogs
  2 big kobolds
  A komodo dragon zombie (Lair:4)
  A water moccasin zombie (D:7)
  3 scorpions
  11 killer bees
  2 howler monkeys (D:10)
  14 wights
  8 electric eels
  4 crimson imps
  A bullfrog zombie (D:8)
  A centaur zombie (D:4)
  A basilisk zombie (Lair:4)
  7 jellies
  2 gnoll shamans
  18 orc priests
  2 bullfrog skeletons
  5 hounds
  17 orc wizards
  Jessica (D:2)
  6 iguanas
  Ijyb (D:2)
  14 worker ants
  A crocodile zombie (Lair:4)
  4 hound zombies
  4 hound skeletons
  4 worker ant zombies
  18 gnolls
  A howler monkey zombie (D:10)
  14 adders
  4 shadow imps
  2 oozes (D:2)
  An adder zombie (D:4)
  An adder skeleton (D:7)
  5 worms
  3 dart slugs
  4 leopard geckos
  65 orcs
  2 ball pythons
  12 giant cockroaches
  8 goblins
  11 hobgoblins
  15 jackals
  8 quokkas
  11 bats
  4 frilled lizards
  15 kobolds
  A leopard gecko skeleton (D:8)
  2 quokka skeletons
  A quokka zombie (D:9)
  9 rats
636 creatures vanquished.

Vanquished Creatures (collateral kills)
  The ghost of Squonk the Markself, a journeyman HEHu of Okawaru (IceCv)
  A manticore (Lair:6)
  An elephant (Lair:6)
  Psyche (D:8)
  A rime drake (Lair:6)
  A jumping spider (Lair:3)
  A polar bear (Lair:6)
  A water moccasin (Lair:6)
  3 ice beasts (IceCv)
  A crocodile (Lair:6)
12 creatures vanquished.

Vanquished Creatures (others)
  A wolf (D:8)
  A bush (D:4)
  70 fungi
  27 plants
99 creatures vanquished.

Grand Total: 747 creatures vanquished

Notes
Turn   | Place    | Note
-------+----------+-------------------------------------------
     0 | D:1      | theElss the Gargoyle Berserker began the quest for the Orb.
     0 | D:1      | Reached XP level 1. HP: 14/14 MP: 1/1
   149 | D:1      | Reached XP level 2. HP: 19/19 MP: 2/2
   472 | D:1      | Reached XP level 3. HP: 24/24 MP: 3/3
   495 | D:1      | Reached ** piety under Trog
   918 | D:2      | Found an opulent altar of Gozag.
  1204 | D:2      | Reached XP level 4. HP: 29/29 MP: 4/4
  1227 | D:2      | Noticed Ijyb
  1238 | D:2      | Killed Ijyb
  1238 | D:2      | Reached skill level 1 in Shields
  1250 | D:2      | Noticed Sigmund
  1551 | D:2      | Noticed Jessica
  1560 | D:2      | Killed Jessica
  1723 | D:2      | Reached XP level 5. HP: 33/33 MP: 5/5
  1961 | D:2      | Found a shattered altar of Ashenzari.
  2422 | D:3      | Reached *** piety under Trog
  2450 | D:3      | Reached skill level 5 in Maces & Flails
  3319 | D:3      | Reached XP level 6. HP: 27/39 MP: 6/6
  3425 | D:3      | Reached skill level 2 in Shields
  3998 | D:4      | Noticed dscm's ghost (amateur OpEE)
  4356 | D:4      | Found Quheaff's Jewellery Boutique.
  4412 | D:4      | Reached XP level 7. HP: 43/44 MP: 7/7
  4445 | D:4      | Reached skill level 3 in Shields
  4470 | D:4      | Reached **** piety under Trog
  4470 | D:4      | Reached skill level 5 in Fighting
  4652 | D:4      | Killed dscm's ghost
  4854 | D:5      | Entered Level 5 of the Dungeon
  4966 | D:5      | You fall through a shaft for 3 floors!
  5125 | D:8      | Reached skill level 4 in Shields
  5159 | D:8      | Found an iron altar of Okawaru.
  5176 | D:8      | Reached XP level 8. HP: 44/50 MP: 8/8
  5208 | D:8      | Noticed Grum
  5213 | D:8      | Noticed Psyche
  5233 | D:9      | Noticed her own ghost (novice OpVM)
  5236 | D:8      | Reached skill level 5 in Shields
  5331 | D:8      | Reached skill level 6 in Shields
  5517 | D:6      | Noticed dscm's ghost (novice OpEE)
  5573 | D:6      | Killed dscm's ghost
  5573 | D:6      | Reached skill level 7 in Shields
  5573 | D:6      | Reached XP level 9. HP: 56/56 MP: 9/9
  5758 | D:6      | Found a burning altar of Makhleb.
  5885 | D:6      | Reached skill level 8 in Shields
  5967 | D:6      | Reached ***** piety under Trog
  6113 | D:5      | Found Tagg's Weapon Boutique.
  6306 | D:5      | Found a deep blue altar of Sif Muna.
  7222 | D:7      | Reached skill level 9 in Shields
  7253 | D:7      | Reached XP level 10. HP: 46/63 MP: 10/10
  7589 | D:7      | Reached skill level 10 in Maces & Flails
  7689 | D:7      | Found a staircase to the Ecumenical Temple.
  7748 | D:7      | Found Eshul's Book Boutique.
  8093 | D:8      | Killed Psyche
  8193 | D:8      | Received a gift from Trog
  8193 | D:8      | Reached skill level 10 in Shields
  8255 | D:8      | Killed Grum
  8292 | D:8      | Noticed Prince Ribbit
  8302 | D:8      | Killed Prince Ribbit
  8732 | D:9      | Noticed Maurice
  8789 | D:9      | Killed Maurice
  8838 | D:9      | Killed her own ghost
  8866 | D:9      | Found Asagh's Antique Weapon Emporium.
  8928 | D:9      | Noticed Joseph
  8928 | D:9      | Reached XP level 11. HP: 66/69 MP: 11/11
  9002 | D:9      | Killed Joseph
  9014 | D:9      | Found an iron altar of Okawaru.
  9456 | D:9      | Found a bloodstained altar of Trog.
  9463 | D:9      | Found a snail-covered altar of Cheibriados.
 10005 | D:9      | Found a glowing golden altar of the Shining One.
 10021 | D:10     | Entered Level 10 of the Dungeon
 10081 | D:10     | Killed an unseen horror
 10100 | D:10     | Received a gift from Trog
 10713 | D:10     | Found a shimmering altar of Xom.
 10713 | D:10     | Found a shimmering altar of Xom.
 10713 | D:10     | Found a shimmering altar of Xom.
 10713 | D:10     | Found a shimmering altar of Xom.
 10713 | D:10     | Found a shimmering altar of Xom.
 10714 | D:10     | Found a shimmering altar of Xom.
 10714 | D:10     | Found a shimmering altar of Xom.
 10714 | D:10     | Found a shimmering altar of Xom.
 10733 | D:10     | Noticed a hill giant
 10738 | D:10     | Killed a hill giant
 11252 | D:10     | Noticed a brown ugly thing
 11264 | D:10     | Killed a brown ugly thing
 11264 | D:10     | Reached skill level 10 in Fighting
 11314 | D:10     | Noticed a centaur warrior
 11325 | D:10     | Killed a centaur warrior
 11431 | D:11     | Reached XP level 12. HP: 78/78 MP: 12/12
 11498 | D:11     | Found Atogge's Magic Scroll Shop.
 11512 | D:11     | Bought a scroll of fear for 49 gold pieces
 11532 | D:11     | Noticed a centaur warrior
 11539 | D:11     | Killed a centaur warrior
 11859 | D:11     | Found a staircase to the Lair.
 11972 | D:11     | Received a gift from Trog
 12112 | D:11     | Found a staircase to the Orcish Mines.
 12890 | D:2      | Found a shattered altar of Ashenzari.
 13142 | D:2      | Killed Sigmund
 13374 | Lair:1   | Entered Level 1 of the Lair of Beasts
 13608 | Lair:1   | Found a frozen archway.
 13652 | IceCv    | Entered an ice cave
 13657 | IceCv    | Noticed Squonk's ghost (journeyman HEHu)
 13677 | IceCv    | Killed Squonk's ghost
 14334 | IceCv    | Noticed an ice dragon
 14347 | IceCv    | Killed an ice dragon
 14351 | IceCv    | Noticed an ice dragon
 14360 | IceCv    | Killed an ice dragon
 14360 | IceCv    | Reached skill level 15 in Maces & Flails
 15056 | Lair:2   | Reached XP level 13. HP: 86/86 MP: 13/13
 15112 | Lair:2   | Found a staircase to the Swamp.
 15169 | Lair:2   | Noticed Philosophy's ghost (journeyman FoFi)
 15190 | Lair:2   | Killed Philosophy's ghost
 15190 | Lair:2   | Reached skill level 11 in Shields
 15715 | Lair:2   | Reached skill level 12 in Shields
 15741 | Lair:2   | Received a gift from Trog
 16018 | Lair:3   | Paralysed by fainting for 7 turns
 16288 | Lair:3   | Found a radiant altar of Vehumet.
 16527 | Lair:3   | Reached skill level 13 in Shields
 16779 | Lair:3   | Found a hole to the Spider Nest.
 17338 | Lair:3   | Reached skill level 14 in Shields
 17373 | Lair:3   | Noticed a dire elephant
 17456 | Lair:3   | Killed a dire elephant
 17995 | Lair:4   | Gained mutation: Your large and strong wings let you fly indefinitely. [Gargoyle growth]
 17995 | Lair:4   | Reached XP level 14. HP: 54/92 MP: 14/14
 17998 | Lair:4   | Reached skill level 15 in Shields
 18196 | Lair:4   | Found a labyrinth entrance.
 18228 | Lab      | Entered a labyrinth
 18734 | Lab      | Got a jewelled hunting sling
 18737 | Lab      | Got a faintly glowing turquoise ring
 18768 | Lair:4   | Identified the ring "Saog" {Fire rN+ MR+ Str+2} (You found it in a labyrinth)
 18963 | Lair:4   | Got a pair of polished gloves
 18974 | Lair:4   | Identified the +2 pair of gloves "Ynole" {rElec rCorr Str+2 Int-3} (You found it on level 4 of the Lair of Beasts)
 19377 | Lair:4   | Reached skill level 16 in Shields
 20145 | Lair:5   | Noticed Snorg
 20170 | Lair:5   | Killed Snorg
 20189 | Lair:5   | Noticed Urug
 20243 | Lair:5   | Killed Urug
 20727 | Lair:6   | Entered Level 6 of the Lair of Beasts
 21110 | Lair:6   | Reached skill level 17 in Shields
 21129 | Lair:6   | HP: 1/92 [rime drake/flash freeze (23)]
 21403 | Lair:6   | Noticed a dire elephant
 21411 | Lair:6   | Noticed a dire elephant
 21426 | Lair:6   | Found a staircase to the Slime Pits.
 22142 | Lair:6   | Identified a scroll of acquirement
 22185 | Lair:6   | Received a gift from Trog
 22467 | Lair:6   | Killed a dire elephant
 22555 | Lair:6   | Reached skill level 18 in Shields
 22827 | Lair:6   | Killed a dire elephant
 22827 | Lair:6   | Reached XP level 15. HP: 73/96 MP: 15/15
 23269 | Orc:1    | Entered Level 1 of the Orcish Mines
 23292 | Orc:1    | Paralysed by an orc sorcerer for 5 turns
 23542 | Orc:1    | Found a roughly hewn altar of Beogh.
 23719 | Orc:1    | Noticed an orc warlord
 23740 | Orc:1    | Demolished by an orc warrior

Skill      XL: |  1  2  3  4  5  6  7  8  9 10 11 12 13 14 15 |
---------------+----------------------------------------------+-----
Fighting       | 4 5 6 7 8 10 12 | 12.3
Maces & Flails | 4 5 6 7 8 9 11 13 15 | 15.3
Shields        | 1 2 4 7 9 10 14 18 | 18.0
Armour         | 3 4 |  4.1
Dodging        | |  1.7

Action                   |  1- 3 |  4- 6 |  7- 9 | 10-12 | 13-15 || total
-------------------------+-------+-------+-------+-------+-------++-------
Melee: Mace              |   109 |   234 |   427 |   477 |       ||  1247
       Morningstar       |       |    57 |       |       |       ||    57
       Flail             |       |       |       |   639 |  1198 ||  1837
Invok: Berserk           |       |     2 |     7 |    11 |     7 ||    27
       Trog's Hand       |       |       |     1 |       |     1 ||     2
       Brothers in Arms  |       |       |       |     3 |     2 ||     5
 Abil: Fly               |       |       |       |       |     1 ||     1
  Use: Potion            |       |     1 |       |       |     2 ||     3
       Scroll            |       |       |       |    17 |    11 ||    28
  Eat: Chunk             |     1 |    13 |    16 |    34 |    34 ||    98
       Fruit             |       |       |       |     3 |       ||     3
       Beef jerky        |       |       |       |     1 |       ||     1
       Pizza             |       |       |       |       |     1 ||     1
Armor: Animal skin       |    47 |       |       |       |       ||    47
       Ring mail         |       |   106 |       |    10 |       ||   116
       Plate armour      |       |    15 |   242 |   548 |   621 ||  1426
Dodge: Dodged            |    95 |   160 |   119 |   207 |   265 ||   846
Block: Buckler           |     1 |    70 |   181 |   374 |       ||   626
       Reflection        |       |     1 |     6 |    20 |     7 ||    34
       Shield            |       |       |       |       |  1070 ||  1070
